 Dungeon Crawl Stone Soup version 0.31-a0-1068-g5939ac1fb6 (webtiles) character file.

Game seed: 1072911695734586849

816 Chiseanne the Covered (level 7, 0/54 HPs)
             Began as a Demonspawn Wanderer on Nov 24, 2023.
             Was a Follower of Vehumet.
             Succumbed to Dowan's poison
             ... on level 6 of the Dungeon.
             The game lasted 00:14:24 (5091 turns).

Chiseanne the Covered (Demonspawn Wanderer)         Turns: 5091, Time: 00:14:24

Health: 0/54       AC:  8    Str: 11    XL:     7   Next: 62%
Magic:  6/13       EV: 12    Int: 18    God:    Vehumet [*.....]
Gold:   329        SH:  0    Dex: 11    Spells: 11/14 levels left

rFire   . . .        a - +2 short sword (elec)
rCold   . . .        (no shield)
rNeg    . . .        r - +0 leather armour
rPois   .            (no helmet)
rElec   .            q - +1 cloak
rCorr   .            m - +2 pair of gloves {Stlth+}
SInv    .            (no boots)
Will    .....        (no amulet)
Stlth   ++           (no ring)
HPRegen 0.29/turn    (no ring)
MPRegen 0.13/turn

%: no passive effects
@: lethally poisoned (0 -> -14)
A: powered by pain 2
a: Renounce Religion


You were on level 6 of the Dungeon.
You worshipped Vehumet.
Vehumet was aware of your devotion.
You visited 2 branches of the dungeon, and saw 7 of its levels.

You collected 329 gold pieces.

Inventory:

Hand Weapons
 a - a +2 short sword of electrocution (weapon)
 s - a +3 quarterstaff
Missiles
 b - 7 boomerangs (quivered)
 f - 70 stones
 j - 3 atropa-tipped darts
 n - 4 poisoned darts
Armour
 m - a +2 pair of gloves of stealth (worn)
 q - a +1 cloak (worn)
 r - a +0 leather armour (worn)
Jewellery
 l - an amulet of regeneration
Wands
 g - a wand of iceblast (4)
Scrolls
 h - a scroll of fog
 k - a scroll of torment
 p - a scroll of amnesia
Potions
 d - a potion of haste
 i - a potion of mutation {unknown}
 o - a potion of enlightenment {unknown}


   Skills:
 - Level 4.0 Fighting
 - Level 1.7 Staves
 - Level 1.0 Throwing
 * Level 4.1 Armour
 - Level 2.9 Dodging
 * Level 4.0 Spellcasting
 * Level 3.9 Conjurations


You had 11 spell levels left.
You knew the following spells:

 Your Spells              Type           Power      Damage    Failure   Level
a - Searing Ray           Conj           36%        2d5       5%          2
b - Shock                 Conj/Air       40%        1d5       9%          1

Your spell library contained the following spells:

 Spells                   Type           Power      Damage    Failure   Level
 Sandblast                Erth           6%         2d5       19%         1
 Momentum Strike          Conj/Tloc      20%        3d8       12%         2
 Freeze                   Ice            12%        1d3       19%         1
 Hailstorm                Conj/Ice       10%        3d5       24%         3
 Blink                    Tloc           6%         N/A       28%         2
 Cigotuvi's Dreadful Rot  Necr/Pois/Air  6%         N/A       28%         2
 Frozen Ramparts          Ice            6%         1d1       50%         3
 Ignite Poison            Fire/Tmut/Pois 3%         N/A       50%         3
 Swiftness                Air            3%         N/A       50%         3
 Airstrike                Air            1%         2d(1-17)  88%         4
 Manifold Assault         Tloc           3%         N/A       88%         4
 Summon Ice Beast         Ice/Summ       3%         N/A       88%         4
 Freezing Cloud           Conj/Ice/Air   4%         6-21      96%         5
 Summon Mana Viper        Hex/Summ       3%         N/A       99%         5
 Monstrous Menagerie      Summ           1%         N/A       100%        7


Dungeon Overview and Level Annotations

Branches:
Dungeon (6/15)             Temple (1/1) D:4

Altars:
Kikubaaqudgha
Makhleb
Nemelex Xobeh
Okawaru
Ru
Trog
Uskayaw
Vehumet
Wu Jian
Yredelemnul

Annotations:
D:5 Edmund, Sigmund


Innate Abilities, Weirdness & Mutations

You sometimes gain power by taking damage.


Message History

Dowan hits you with a +2 dagger of venom.
You are poisoned.
Dowan hits you with a +2 dagger of venom.
You are lethally poisoned!
The searing ray hits Dowan.
Dowan is almost dead.
You finish channelling your searing ray.
You feel very sick. Dowan hits you but does no damage.
You are more poisoned.
* * * LOW HITPOINT WARNING * * *
You feel extremely sick.
Dowan gestures wildly while chanting.
Dowan blinks!
Casting: Searing Ray (safe; 6% risk of failure)
Confirm with . or Enter, or press ? or * to list all spells.
Aiming: Searing Ray (safe; 6% risk of failure)
Press: ? - help, Shift-Dir - straight line, f - Dowan
Aim: Dowan, wielding a +2 dagger of venom and wearing a +0 robe (almost dead, fast, 69% to hit)
The searing ray hits Dowan!
You kill Dowan!
Vehumet accepts your kill. (Press . to maintain the ray.)
* * * LOW HITPOINT WARNING * * *
You feel very sick.
You turn into a tree.
Your +1 cloak melds into your body.
Your +2 pair of gloves of stealth melds into your body.
Your +0 leather armour melds into your body.
You feel less stealthy.
Your roots penetrate the ground.
* * * LOW HITPOINT WARNING * * *
You feel very sick.
It was a potion of cancellation.
Your magical effects are unravelling.
You feel magically purged.
You feel less wooden.
Your +1 cloak unmelds from your body.
Your +2 pair of gloves of stealth unmelds from your body.
Your +0 leather armour unmelds from your body.
You feel stealthy.
You die...

#.....#.........
#.....>#......#
#.............#
###.##........#
#.###...<...#
#..###.....##
##.# ##...##
######.#####..#
#<)..).....##@#
#..........##)#
#^.........##..#
#############).#
#... .!...
....#. ..♣.#..
#....# ..


There were no monsters in sight!

Vanquished Creatures
  Duvessa (D:6)
  A sky beast (D:5)
  An ogre (D:4)
  Blork the orc (D:6)
  Dowan (D:6)
  A howler monkey (D:4)
  A hound (D:4)
  2 jellies
  A gnoll bouda (D:4)
  An iguana (D:5)
  An orc wizard (D:3)
  4 adders
  5 gnolls
  A shadow imp (D:6)
  A white imp (D:6)
  4 ufetubi
  2 worms
  2 dart slugs
  6 orcs
  6 endoplasms
  4 giant cockroaches
  4 goblins
  8 hobgoblins
  3 jackals (D:5)
  3 quokkas
  5 ball pythons
  A bat (D:2)
  13 frilled lizards
  6 kobolds
  7 rats
97 creatures vanquished.

Notes
Turn   | Place    | Note
-------+----------+-------------------------------------------
     0 | D:1      | Chiseanne the Demonspawn Wanderer began the quest for the
                  | Orb.
     0 | D:1      | Chiseanne set off with the following items: a +2
                  | quarterstaff, 6 boomerangs, a +0 dagger, a potion of haste,
                  | a +0 robe; and the following spells available to memorise:
                  | Searing Ray, Momentum Strike.
     0 | D:1      | Reached XP level 1. HP: 16/16 MP: 3/3
     1 | D:1      | Noticed an electric eel
   105 | D:1      | Reached skill level 1 in Dodging
   105 | D:1      | Gained mutation: You sometimes gain a little power by
                  | taking damage. [demonic ancestry]
   105 | D:1      | Reached XP level 2. HP: 23/23 MP: 5/5
   691 | D:2      | Reached XP level 3. HP: 26/28 MP: 6/6
  1043 | D:2      | Learned a level 2 spell: Searing Ray
  1540 | D:3      | Reached XP level 4. HP: 17/35 MP: 7/7
  3138 | D:4      | Found a staircase to the Ecumenical Temple.
  3149 | D:4      | Reached XP level 5. HP: 34/41 MP: 8/8
  3158 | Temple   | Entered the Ecumenical Temple
  3163 | Temple   | Became a worshipper of Vehumet
  3204 | D:4      | Identified a scroll of acquirement
  3204 | D:4      | Acquired a +2 pair of gloves of stealth
  3216 | D:4      | Noticed an ogre
  3312 | D:4      | Killed an ogre
  3347 | D:4      | Gained mutation: You sometimes gain power by taking damage.
                  | [demonic ancestry]
  3347 | D:4      | Reached XP level 6. HP: 48/48 MP: 9/9
  3669 | D:4      | Learned a level 1 spell: Shock
  3937 | D:5      | Entered Level 5 of the Dungeon
  3982 | D:5      | Noticed Edmund
  4019 | D:5      | Noticed Sigmund
  4086 | D:5      | Noticed a sky beast
  4111 | D:5      | Killed a sky beast
  4250 | D:5      | Found a bloodstained altar of Trog.
  4394 | D:4      | Reached XP level 7. HP: 49/54 MP: 12/12
  4588 | D:4      | Reached * piety under Vehumet
  4588 | D:4      | Offered knowledge of Sandblast by Vehumet.
  4774 | D:6      | Noticed Blork the orc
  4775 | D:6      | Noticed Duvessa
  4775 | D:6      | Noticed Dowan
  4952 | D:6      | Killed Blork the orc
  5085 | D:6      | Killed Duvessa
  5089 | D:6      | Killed Dowan
  5091 | D:6      | Succumbed to Dowan's poison

Illustrated notes

Levels and vault maps discovered:
D:1:      arrival_aquarium_a, layout_loops_ring, minmay_lizard_pond
D:2:      layout_basic
D:3:      layout_basic
D:4:      layout_cave_pools, minmay_temple_entry_slanted, minmay_pentangle
D:5:      layout_basic, kennysheep_little_box, kennysheep_generic_room_3,
          uniq_edmund, uniq_sigmund
D:6:      layout_rooms, chequers_serial_rivers_micro_c, chequers_mini_garden,
          uniq_duvessa, uniq_blork_the_orc
Temple:   nicolae_temple_ecumenical_triangle

Skill      XL: |  1  2  3  4  5  6  7 |
---------------+----------------------+-----
Dodging        | 1 2 |  2.9
Fighting       | 3 4 |  4.0
Armour         | 2 3 4 |  4.1
Spellcasting   | 3 4 |  4.0
Conjurations   | 3 |  3.9
Staves         | |  1.7
Throwing       | |  1.0

Action                     |  1- 3 |  4- 6 |  7- 9 || total
---------------------------+-------+-------+-------++-------
  Melee: Quarterstaff      |    97 |   105 |       ||   202
         Short sword       |       |    26 |    36 ||    62
         Punch             |       |     1 |       ||     1
  Throw: Boomerang         |       |    16 |     3 ||    19
   Cast: Searing Ray       |       |       |    11 ||    11
         Shock             |       |       |     1 ||     1
  Evoke: Wand              |       |     2 |       ||     2
    Use: Scroll            |     3 |    11 |       ||    14
         Potion            |     1 |       |     3 ||     4
   Stab: Sleeping          |       |     3 |       ||     3
 Armour: Robe              |    27 |       |       ||    27
         Ring mail         |    37 |    59 |       ||    96
         Skin              |     8 |       |       ||     8
         Leather armour    |       |    29 |    49 ||    78
  Dodge: Dodged            |    55 |    87 |    28 ||   170

Table legend: (Time is in decaauts)
 A = Elapsed time spent in this place.
 B = Non-inter-level travel time spent in this place.
 C = Inter-level travel time spent in this place.
 D = Time resting spent in this place.
 E = Time spent auto-exploring this place.
 F = Levels seen in this place.
 G = Mean time per level.
                   A        B        C        D        E       F      G
               +--------+--------+--------+--------+--------+-----+--------+
         Total |   5144 |   4926 |    218 |    917 |   2721 |   7 |  734.9 |
       Dungeon |   5133 |   4920 |    213 |    917 |   2721 |   6 |  855.5 |
        Temple |     10 |      5 |      5 |      0 |      0 |   1 |   10.0 |
               +--------+--------+--------+--------+--------+-----+--------+

Top non-repeatable levels by time:
     D:3: 1151 daAuts
     D:2: 1102 daAuts
     D:4: 1061 daAuts
     D:1: 885 daAuts
     D:5: 654 daAuts
     D:6: 279 daAuts
  Temple: 10 daAuts
